 Dungeon Crawl Stone Soup version 0.30.1-3-gfc49f6343a (webtiles) character file.

Game seed: 17638524644362356052

9761 H0rd4k the Fighter (level 11, -1/89 HPs)
             Began as a Human Artificer on July 20, 2023.
             Was an Initiate of Gozag.
             Slain by a white ugly thing (31 damage)
             ... on level 9 of the Dungeon.
             The game lasted 00:14:48 (8992 turns).

H0rd4k the Fighter (Human Artificer)                Turns: 8992, Time: 00:14:49

Health: -1/89      AC: 17    Str: 13    XL:     11   Next: 80%
Magic:  19/19      EV: 15    Int: 16    God:    Gozag
Gold:   1984       SH:  0    Dex: 13    Spells: 21/21 levels left

rFire   . . .        I - +3 flail (protect)
rCold   . . .        (no shield)
rNeg    . . .        b - +0 leather armour
rPois   .            z - +0 helmet
rElec   .            s - +0 cloak
rCorr   .            E - +0 pair of gloves
SInv    .            i - +3 pair of seven-league boots {Rampage+∞}
Will    .....        P - amulet of regeneration
Stlth   +++          j - ring of wizardry
HPRegen 1.14/turn    o - +4 ring of slaying
MPRegen 0.16/turn

%: rampage+∞, wizardry (x1)
@: mighty, under a protective aura
A: no striking features
a: Renounce Religion, Potion Petition, Call Merchant, Bribe Branch


You were on level 9 of the Dungeon.
You worshipped Gozag.
Gozag was most pleased with you.
You visited 1 branch of the dungeon, and saw 9 of its levels.

You collected 2041 gold pieces.
You paid 57 gold pieces to Gozag.

Inventory:

Hand Weapons
 I - a +3 flail of protection (weapon)
Missiles
 D - 11 poisoned darts (quivered)
Armour
 b - a +0 leather armour (worn)
 i - the +3 pair of seven-league boots (worn) {Rampage+∞}
   (You acquired it on level 6 of the Dungeon)

   Rampage+∞: When moving toward enemies, its wearer moves as far as possible,
   alerting their target en route.
 s - a +0 cloak (worn)
 z - a +0 helmet (worn)
 E - a +0 pair of gloves (worn)
Magical Staves
 g - a staff of poison
 y - a staff of cold
 H - a staff of death
 O - the staff of poison "Puhisazi" {rElec rPois rF- rC- rCorr}
   (You took it off a centaur on level 7 of the Dungeon)

   [staff of poison]

   Base accuracy: +5 Base damage: 5 Base attack delay: 1.2 This weapon's minimum
   attack delay (0.6) is reached at skill level 12.
   rF:        It makes you vulnerable to fire.
   rC:        It makes you vulnerable to cold.
   rElec:     It insulates you from electricity.
   rPois:     It protects you from poison.
   rCorr:     It protects you from acid and corrosion.
   It falls into the 'Staves' category.
   It is a one-handed weapon.
Jewellery
 c - a ring of see invisible
 j - a ring of wizardry (left hand)
 o - a +4 ring of slaying (right hand)
 F - a ring of protection from fire
 N - an amulet of magic regeneration
 P - an amulet of regeneration (around neck)
 Q - a +6 ring of dexterity
 S - a ring of protection from fire
Wands
 e - a wand of paralysis (8)
 v - a wand of roots (8)
 J - a wand of digging (6)
Scrolls
 f - 3 scrolls of vulnerability {unknown}
 h - 3 scrolls of immolation {unknown}
 k - 4 scrolls of teleportation {unknown}
 n - a scroll of amnesia
 p - a scroll of magic mapping {unknown}
 A - a scroll of summoning {unknown}
 B - a scroll of poison
 C - a scroll of fear {unknown}
 G - 2 scrolls of silence
 R - 3 scrolls of identify
 U - a scroll of blinking {unknown}
Potions
 a - a potion of ambrosia {unknown}
 l - 4 potions of curing
 m - 3 potions of magic
 q - a potion of mutation {unknown}
 t - 2 potions of might
 u - 4 potions of flight {unknown}
 w - a potion of cancellation {unknown}
 x - a potion of heal wounds {unknown}
 K - 4 potions of brilliance {unknown}
 L - a potion of resistance {unknown}
 M - a potion of attraction {unknown}
 T - a potion of lignification {unknown}
Miscellaneous
 d - a phial of floods


   Skills:
 + Level 9.0 Fighting
 - Level 5.5 Maces & Flails
 + Level 2.5 Throwing
 - Level 2.0 Armour
 + Level 8.5 Dodging
 + Level 7.9 Stealth
 * Level 5.8 Spellcasting
 + Level 6.3 Evocations


You had 21 spell levels left.
You didn't know any spells.
Your spell library contained the following spells:

 Spells                   Type           Power      Damage    Failure   Level
 Apportation              Tloc           8%         N/A       8%          1
 Beastly Appendage        Tmut           8%         N/A       8%          1
 Magic Dart               Conj           16%        1d3       8%          1
 Necrotise                Necr           16%        1d4       8%          1
 Summon Small Mammal      Summ           16%        N/A       8%          1
 Blink                    Tloc           8%         N/A       11%         2
 Lesser Beckoning         Tloc           8%         N/A       11%         2
 Momentum Strike          Conj/Tloc      8%         3d8       11%         2
 Searing Ray              Conj           8%         2d4       11%         2
 Wereblood                Tmut           4%         N/A       11%         2
 Dazzling Flash           Conj/Hex       8%         N/A       21%         3
 Gell's Gravitas          Tloc           4%         N/A       21%         3
 Inner Flame              Hex/Fire       4%         N/A       21%         3
 Spider Form              Tmut/Pois      4%         N/A       21%         3
 Teleport Other           Tloc           4%         N/A       21%         3
 Vampiric Draining        Necr           4%         2d6       21%         3
 Volatile Blastmotes      Fire/Tloc      8%         2d10      21%         3
 Fulminant Prism          Conj/Hex       2%         3d5       54%         4
 Iskenderun's Mystic Bla  Conj/Tloc      4%         2d3       54%         4
 Manifold Assault         Tloc           4%         N/A       54%         4
 Agony                    Necr           4%         N/A       86%         5
 Lee's Rapid Deconstruct  Erth           2%         3d4*      86%         5
 Yara's Violent Unravell  Hex/Tmut       2%         3d3       86%         5
 Starburst                Conj/Fire      2%         6d3       100%        6
 Enfeeble                 Hex            2%         N/A       100%        7
 Storm Form               Tmut/Air       2%         N/A       100%        7


Dungeon Overview and Level Annotations

Branches:
Dungeon (9/15)             Temple (0/1) D:7
   Lair: D:8-11         Orc: D:9-12

Altars:
Fedhas
Gozag
Kikubaaqudgha
Makhleb
Nemelex Xobeh
Okawaru
Ru
Wu Jian
Zin

Shops:
D:3 *   D:6 =   D:9 *

Annotations:
D:6 exclusion: downstairs


Message History

The centaur warrior hits you.
The centaur warrior kicks you but does no damage.
You bludgeon the centaur warrior!!
The centaur warrior is severely wounded.
The centaur warrior hits you!
The centaur warrior closely misses you. x2
The centaur warrior barely misses you.
You hit the centaur warrior but do no damage.
The centaur warrior is severely wounded.
The centaur warrior hits you.
The centaur warrior kicks you but does no damage.
You barely miss the centaur warrior.
The centaur warrior is severely wounded.
The centaur warrior closely misses you. The centaur warrior barely misses you.
The centaur warrior hits you but does no damage.
The centaur warrior misses you.
You sock the centaur warrior!
The centaur warrior is severely wounded.
The centaur warrior hits you but does no damage.
The centaur warrior barely misses you. The centaur warrior hits you.
The centaur warrior kicks you but does no damage.
You sock the centaur warrior!
You kill the centaur warrior!
Your Fighting skill increases to level 9!
You now have 1984 gold pieces (gained 18).
There is an open door, spattered with blood here.
You see here a +0 shortbow.
You open the door.
A white ugly thing comes into view.
The white ugly thing gurgles horribly!
You stride towards the white ugly thing!
You closely miss the white ugly thing. The white ugly thing trunk-slaps you.
The white ugly thing freezes you!!
You closely miss the white ugly thing. The white ugly thing trunk-slaps you.
The white ugly thing freezes you!
You sock the white ugly thing!
Your weapon exudes an aura of protection.
The white ugly thing is moderately wounded.
The white ugly thing trunk-slaps you! The white ugly thing freezes you!!
You die...
Your body crumbles into a pile of gold.

.#..)).# '#.#.###
.#....####
...>.....#
####..#### #####
####.)# #...#
......# +...#
.#..).# #.u.#
.#.##.##########@##
.#.#..#...#).[#...#
.#.#.##^).)...#...#
.#.#.##...#...#...#
.#.#.###'#######)##
.#.#.##...#...#...#
.#.#.##.(.'...'...#
......#...#...#...#
...#..##'##########


You could see a white ugly thing.

Vanquished Creatures
  An ogre mage (D:9)
  A centaur warrior (D:9)
  A two-headed ogre (D:8)
  2 boulder beetles (D:9)
  2 manticores (D:7)
  A kobold demonologist (D:7)
  A meliai (D:9)
  A troll (D:7)
  2 vampires
  A shadow (D:8)
  A wyvern (D:4)
  An unseen horror simulacrum (D:9)
  2 steam dragons (D:7)
  An acid dragon (D:9)
  A water moccasin (D:7)
  2 sky beasts
  3 orc warriors
  An ice beast (D:7)
  A black bear (D:7)
  4 ogres
  7 centaurs
  3 kobold brigands
  2 gnoll sergeants
  4 bullfrogs
  A scorpion (D:4)
  10 wights
  A killer bee (D:7)
  3 howler monkeys (D:8)
  3 jellies
  4 hounds
  3 orc priests
  3 sleepcaps
  A gnoll bouda (D:7)
  4 iguanas
  5 orc wizards
  4 gnolls (D:8)
  9 adders
  2 white imps (D:7)
  3 ufetubi
  A dart slug (D:2)
  26 orcs
  8 ball pythons
  3 bats
  4 endoplasms
  2 giant cockroaches
  10 goblins
  8 hobgoblins
  11 jackals
  11 kobolds
  5 quokkas
  4 frilled lizards
  5 rats
200 creatures vanquished.

Vanquished Creatures (collateral kills)
  The ghost of Hank the Trooper, an amateur DgFi (D:4)
  A water moccasin (D:7)
  2 howler monkeys
  An ufetubus (D:4)
  An orc (D:6)
  A hobgoblin (D:4)
  3 kobolds (D:6)
10 creatures vanquished.

Vanquished Creatures (others)
  A troll (D:7)
  A wyvern (D:7)
  An acid dragon (D:7)
  2 orc warriors (D:7)
  A bullfrog (D:7)
  An orc wizard (D:5)
7 creatures vanquished.

Grand Total: 217 creatures vanquished

Notes
Turn   | Place    | Note
-------+----------+-------------------------------------------
     0 | D:1      | H0rd4k the Human Artificer began the quest for the Orb.
     0 | D:1      | Reached XP level 1. HP: 15/15 MP: 1/1
   152 | D:1      | Reached XP level 2. HP: 14/21 MP: 2/2
   531 | D:1      | Reached XP level 3. HP: 19/26 MP: 3/3
   939 | D:2      | Reached skill level 1 in Maces & Flails
  1154 | D:2      | Reached XP level 4. HP: 23/32 MP: 4/4
  1244 | D:2      | You fall into a shaft and drop 2 floors!
  1386 | D:4      | Found a sparkling altar of Nemelex Xobeh.
  1466 | D:4      | Found a runed translucent gate.
  1466 | D:4      | Found a runed translucent gate.
  1468 | D:4      | Found an opulent altar of Gozag.
  1470 | D:4      | Found a runed translucent gate.
  1470 | D:4      | Noticed a wyvern
  1472 | D:4      | Noticed Hank's ghost (amateur DgFi)
  1501 | D:4      | Killed Hank's ghost
  1502 | D:4      | Reached skill level 2 in Fighting
  1502 | D:4      | Reached XP level 5. HP: 18/39 MP: 5/5
  1502 | D:4      | Reached XP level 6. HP: 21/46 MP: 6/6
  1538 | D:4      | Killed a wyvern
  1539 | D:4      | Reached XP level 7. HP: 34/51 MP: 7/7
  1545 | D:4      | Became a worshipper of Gozag Ym Sagoz the Greedy
  1940 | D:4      | Found a blossoming altar of Fedhas.
  1958 | D:4      | Reached skill level 3 in Fighting
  2146 | D:4      | Reached XP level 8. HP: 34/58 MP: 8/8
  2504 | D:3      | Found Xefeyd's General Store.
  2661 | D:2      | Reached skill level 5 in Maces & Flails
  2930 | D:3      | Found a faded altar of an unknown god.
  3169 | D:3      | Found an iron altar of Okawaru.
  3326 | D:3      | Found a sacrificial altar of Ru.
  3386 | D:5      | Entered Level 5 of the Dungeon
  3808 | D:5      | Found an ancient bone altar of Kikubaaqudgha.
  4451 | D:6      | Reached skill level 4 in Fighting
  4461 | D:6      | Reached skill level 1 in Throwing
  4467 | D:6      | Reached XP level 9. HP: 34/66 MP: 9/9
  4667 | D:6      | Found a burning altar of Makhleb.
  4686 | D:6      | Found Nataal's Jewellery Shoppe.
  4867 | D:6      | Reached skill level 5 in Fighting
  4867 | D:6      | Reached skill level 1 in Spellcasting
  4965 | D:6      | Found an ornate altar of the Wu Jian Council.
  5106 | D:7      | Reached skill level 5 in Dodging
  5482 | D:7      | Found a staircase to the Ecumenical Temple.
  5596 | D:7      | Reached skill level 5 in Stealth
  5627 | D:7      | Identified the staff of poison "Puhisazi" {rElec rPois rF-
                  | rC- rCorr}
  5821 | D:7      | Reached skill level 5 in Evocations
  5993 | D:7      | Noticed a troll
  5993 | D:7      | Noticed a gargoyle
  5994 | D:7      | Noticed a manticore
  6042 | D:6      | Identified a scroll of acquirement
  6045 | D:6      | Acquired the +3 pair of seven-league boots {Rampage+∞}
  6045 | D:6      | Found the +3 pair of seven-league boots {Rampage+∞}
  6148 | D:7      | Reached skill level 6 in Fighting
  6151 | D:7      | Reached XP level 10. HP: 13/76 MP: 14/14
  6385 | D:7      | Got Dooreh Zeeq's Book of Unified Topology
  6405 | D:7      | Killed a manticore
  6750 | D:7      | Noticed a manticore
  6755 | D:7      | Killed a manticore
  6759 | D:7      | Noticed a kobold demonologist
  6764 | D:7      | Reached skill level 7 in Fighting
  6768 | D:7      | Noticed an orange demon
  6778 | D:7      | Killed a kobold demonologist
  7584 | D:8      | Found a glowing silver altar of Zin.
  7628 | D:8      | Reached XP level 11. HP: 82/84 MP: 16/18
  7699 | D:8      | Noticed a two-headed ogre
  7711 | D:8      | Killed a two-headed ogre
  7712 | D:8      | Reached skill level 8 in Fighting
  7712 | D:8      | Reached skill level 5 in Spellcasting
  8316 | D:9      | Found Aggoicir's Changing Room.
  8646 | D:9      | Noticed a boulder beetle
  8670 | D:9      | Killed a boulder beetle
  8869 | D:9      | Noticed an ogre mage
  8869 | D:9      | Noticed a centaur warrior
  8878 | D:9      | Killed an ogre mage
  8896 | D:9      | Noticed a boulder beetle
  8930 | D:9      | Killed a boulder beetle
  8965 | D:9      | Killed a centaur warrior
  8966 | D:9      | Reached skill level 9 in Fighting
  8989 | D:9      | Noticed a white ugly thing
  8992 | D:9      | Slain by a white ugly thing

Illustrated notes

Levels and vault maps discovered:
D:1:      dpeg_arrival_water_temple_mockup, layout_rooms, serial_bayou_lagoon_a,
          minmay_tree_intersection, interstate_on_off
D:2:      layout_rooms
D:3:      layout_basic, okawaru_gym_becter, lemuel_coloured_pillars_altar,
          shapermc_ecumenical_altar_mp_vishouse, serial_shops, shop,
          hangedman_decor_slide_cut
D:4:      layout_basic, nemelex_xobeh_ov_fountains_minmay, fedhas_altar_3,
          ebering_ghost_gozag
D:5:      layout_rooms, mainiacjoe_overflow_six_doors_small,
          kennysheep_minor_cross
D:6:      layout_cave_pools, lemuel_doored_altar, nzn_wu_jian_contemplation,
          serial_shops, shop, minmay_crossroads
D:7:      minmay_the_grid_octo_tiled_squarecenter
          [minmay_the_grid_octo_fan_narrow, minmay_the_grid_octo_fat_diamond,
          minmay_the_grid_octo_odd_swirl, minmay_the_grid_octo_teeth,
          minmay_the_grid_square_5x5_megaprize_crossed,
          minmay_the_grid_square_5x5_six_small, minmay_the_grid_square_5x5_meh,
          minmay_the_grid_square_5x5_comb,
          minmay_the_grid_square_5x5_three_small], layout_rooms,
          hangedman_minor_gate_pass
D:8:      layout_loops_ring, mainiacjoe_overflow_alcove_2
D:9:      nicolae_cairo_tiling_large, layout_loops_ring, serial_glass,
          glass_columns_a, glass_columns_b, glass_columns_a, glass_columns_b,
          glass_columns_a, glass_columns_a, glass_columns_a, glass_columns_a,
          glass_columns_c, glass_columns_a, nicolae_transmutations_shop,
          minmay_evil_grid

Skill      XL: |  1  2  3  4  5  6  7  8  9 10 11 |
---------------+----------------------------------+-----
Maces & Flails | 1 3 4 5 |  5.5
Fighting       | 2 3 4 6 7 9 |  9.0
Dodging        | 2 3 4 5 7 8 |  8.5
Stealth        | 2 3 4 5 6 7 |  7.9
Evocations     | 4 5 6 |  6.3
Throwing       | 1 2 |  2.5
Spellcasting   | 3 4 5 |  5.8
Armour         | |  2.0

Action                     |  1- 3 |  4- 6 |  7- 9 | 10-12 || total
---------------------------+-------+-------+-------+-------++-------
  Melee: Club              |    23 |       |       |       ||    23
         Mace              |    98 |    17 |   183 |       ||   298
         Flail             |       |       |   135 |   336 ||   471
         Punch             |       |       |     4 |     6 ||    10
  Throw: Dart              |       |       |     9 |     1 ||    10
  Evoke: Wand              |     3 |     3 |    33 |    16 ||    55
    Use: Scroll            |       |       |     8 |       ||     8
         Potion            |       |       |     1 |     3 ||     4
   Stab: Sleeping          |     3 |     2 |     4 |     3 ||    12
         Distracted        |       |       |     2 |     1 ||     3
         Paralysed         |       |       |     7 |    17 ||    24
 Armour: Leather armour    |    36 |     2 |   136 |   160 ||   334
  Dodge: Dodged            |    88 |    17 |   218 |   238 ||   561
